 Dungeon Crawl Stone Soup version 0.28-a0-919-g0b5b508569 (webtiles) character file.

Game seed: 14462969153435640709

10285 siradein the Prestidigitator (level 11, 0/86 HPs)
             Began as a Demonspawn Artificer on Nov 25, 2021.
             Was a Believer of Nemelex Xobeh.
             Slain by a centaur warrior (6 damage)
             ... on level 13 of the Dungeon.
             The game lasted 00:25:48 (14119 turns).

siradein the Prestidigitator (DsAr)                Turns: 14119, Time: 00:25:48

Health: 0/86       AC: 12    Str: 14    XL:     11   Next: 34%
Magic:  15/15      EV: 24    Int: 12    God:    Nemelex Xobeh [**....]
Gold:   1081       SH:  0    Dex: 16    Spells: 10/10 levels left

rFire   . . .      SeeInvis .   M - +0 dire flail
rCold   + . .      Faith    .   (shield currently unavailable)
rNeg    . . .      Spirit   .   x - +0 steam dragon scales
rPois   +          Reflect  .   L - +0 helmet "Qurebunu" {-Tele rElec rC+}
rElec   +          Harm     .   E - +2 cloak {rPois}
rCorr   .          Rampage  .   h - +0 pair of gloves
Will    .....      NoTele   +   (no boots)
Stlth   ++........              (no amulet)
HPRegen 0.24/turn               I - +4 ring of evasion
MPRegen 0.14/turn               p - ring of wizardry

@: agile
A: claws 1, powered by pain 2, spiny 2, sturdy frame 2, corrupting presence 1
a: Renounce Religion, Draw Escape, Draw Destruction, Draw Summoning


You were on level 13 of the Dungeon.
You worshipped Nemelex Xobeh.
Nemelex Xobeh was pleased with you.
You visited 2 branches of the dungeon, and saw 12 of its levels.

You collected 1249 gold pieces.
You spent 168 gold pieces at shops.

Inventory:

Hand Weapons
 b - a +4 quarterstaff of chaos
 F - a +0 great mace
 M - a +0 dire flail (weapon)
Missiles
 j - 294 stones
 s - 26 poisoned darts
 A - 3 throwing nets
 C - 2 curare-tipped darts
 P - 11 sling bullets
Armour
 h - a +0 pair of gloves (worn)
 x - +0 steam dragon scales (worn)
 E - a +2 cloak of poison resistance (worn)
 L - the +0 helmet "Qurebunu" (worn) {-Tele rElec rC+}
   (You found it on level 7 of the Dungeon)

   rC:        It protects you from cold.
   rElec:     It insulates you from electricity.
   -Tele:     It prevents most forms of teleportation.
Jewellery
 p - a ring of wizardry (right hand)
 y - a ring of magical power
 D - a ring of ice
 I - a +4 ring of evasion (left hand)
Wands
 c - a wand of flame (37)
 d - a wand of charming (15)
 r - a wand of acid (16)
 G - a wand of digging (5)
 N - a wand of iceblast (10)
Scrolls
 f - 2 scrolls of silence
 n - a scroll of brand weapon
 o - a scroll of identify
 q - a scroll of immolation
 v - a scroll of magic mapping {unknown}
 w - 2 scrolls of blinking {unknown}
 B - 2 scrolls of fog {unknown}
 K - a scroll of noise {unknown}
 O - a scroll of teleportation {unknown}
Potions
 a - 3 potions of degeneration {unknown}
 g - 3 potions of heal wounds
 k - a potion of mutation {unknown}
 l - 2 potions of berserk rage {unknown}
 m - 4 potions of lignification {unknown}
 t - 4 potions of curing {unknown}
 u - 2 potions of brilliance {unknown}
 z - 5 potions of flight {unknown}
 H - a potion of haste {unknown}
 J - a potion of ambrosia {unknown}
Miscellaneous
 e - a piece from Xom's chessboard (11/15) (quivered)
 i - a phantom mirror (inert)


   Skills:
 + Level 8.0 Fighting
 + Level 6.3 Maces & Flails
 + Level 7.4 Armour
 + Level 7.2 Dodging
 - Level 0.8 Stealth
 + Level 6.0 Invocations
 + Level 8.6 Evocations


You had 10 spell levels left.
You didn't know any spells.
Your spell library contained the following spells:

 Spells                   Type           Power      Damage    Failure   Level
 Conjure Flame            Conj/Fire      0%         6-21      36%         3
 Ignite Poison            Fire/Tmut/Pois 0%         N/A       36%         3
 Sticky Flame             Conj/Fire      0%         2d3       75%         4


Dungeon Overview and Level Annotations

Branches:
Dungeon (10/15)            Temple (1/1) D:7
   Lair: D:8-11         Orc: D:9-12

Altars:
Ashenzari
Cheibriados
Dithmenos
Elyvilon
Fedhas
Gozag
Hepliaklqana
Kikubaaqudgha
Makhleb
Nemelex Xobeh
Okawaru
Qazlal
Ru
Sif Muna
Trog
Uskayaw
Vehumet
Wu Jian
Xom
Yredelemnul
Zin
The Shining One

Shops:
D:1 (

Annotations:
D:10 Josephine


Innate Abilities, Weirdness & Mutations

You have sharp fingernails.
You sometimes gain power by taking damage.
You are mostly covered in sharp spines.
Your movements are less encumbered by armour. (ER -4)
Your presence sometimes corrodes those you injure.


Message History

You barely miss the efreet.
The efreet is heavily wounded.
The efreet is struck by your spines. The efreet misses you.
You hit the efreet but do no damage.
The efreet is severely wounded.
The efreet hits you with a +0 scimitar of flaming!
The efreet burns you.
You barely miss the efreet.
The efreet is heavily wounded.
The efreet closely misses you.
You barely miss the efreet.
The efreet is heavily wounded.
The efreet hits you with a +0 scimitar of flaming!
* * * LOW HITPOINT WARNING * * *
The efreet burns you.
* * * LOW HITPOINT WARNING * * *
You thump the efreet!
Your corrupting presence corrodes the efreet!
The efreet is almost dead.
The efreet is struck by your spines.
You kill the efreet!
Your piece from Xom's chessboard (11/15) has regained one charge.
Your Fighting skill increases to level 8!
Your Invocations skill increases to level 6!
The centaur warrior shoots an arrow.
The arrow barely misses you.
You hear a shout! x2
The centaur warrior shoots an arrow.
The arrow hits you.
* * * LOW HITPOINT WARNING * * *
You hear a shout! x2
The centaur warrior shoots an arrow.
The arrow hits you!
* * * LOW HITPOINT WARNING * * *
You hear a shout!
You feel much better.
A centaur comes into view.
The centaur warrior shoots an arrow.
The arrow hits you!
* * * LOW HITPOINT WARNING * * *
The centaur warrior unwields a +0 shortbow.
The centaur warrior hits you.
You die...
Your body disappears without a glow.

♣♣♣.♣ #..# #♣.♣# ###
#..# ♣♣..○♣♣♣♣♣♣
♣♣.♣♣#..#
♣.≈≈≈☼♣.♣.♣♣♣...♣#..#
..≈≈≈c○☼○○°B°☼R.....#
♣.≈≈≈.♣.♣.♣♣♣...♣#.##
♣♣...♣♣♣♣♣♣ ♣♣.♣♣#.#
##### #####c# #..@cc#
#######


You could see 2 centaur warriors and a centaur.

Vanquished Creatures
  Harold (D:7)
  Erica (D:8)
  An ugly thing (D:9)
  An efreet (D:13)
  A troll (D:9)
  A hornet (D:8)
  Grinder (D:3)
  2 wraiths (D:9)
  18 yaks
  A wyvern (D:9)
  Sigmund (D:6)
  A vampire (D:8)
  5 steam dragons
  Menkaure (D:5)
  2 orc warriors
  3 ice beasts
  A sky beast (D:6)
  An ogre (D:5)
  A necrophage (D:7)
  A centaur (D:9)
  3 kobold brigands
  A gnoll sergeant (D:8)
  3 bullfrogs
  2 scorpions
  A water moccasin zombie (D:5)
  6 killer bees
  5 wights (D:7)
  3 howler monkeys
  A bullfrog zombie (D:5)
  Crazy Yiuf (D:5)
  A gnoll shaman (D:8)
  3 jellies
  5 orc priests
  2 centaur skeletons (D:7)
  3 iguanas
  9 orc wizards
  A killer bee zombie (D:8)
  2 howler monkey zombies
  15 gnolls
  5 adders
  3 howler monkey skeletons (D:7)
  A white imp (D:6)
  An adder skeleton (D:4)
  The ghost of SirDiesAlot the Sneak, a weakling MiDe (D:4)
  3 dart slugs
  18 orcs
  6 endoplasms
  2 giant cockroaches
  4 hobgoblins
  5 jackals
  2 quokkas
  5 ball pythons
  8 bats
  11 frilled lizards
  10 goblins
  18 kobolds
  8 rats
223 creatures vanquished.

Vanquished Creatures (collateral kills)
  A two-headed ogre (D:10)
1 creature vanquished.

Vanquished Creatures (others)
  23 plants (D:13)
23 creatures vanquished.

Grand Total: 247 creatures vanquished

Notes
Turn   | Place    | Note
-------+----------+-------------------------------------------
     0 | D:1      | siradein the Demonspawn Artificer began the quest for the
                  | Orb.
     0 | D:1      | Reached XP level 1. HP: 15/15 MP: 1/1
   104 | D:1      | Reached skill level 1 in Dodging
   289 | D:1      | Gained mutation: Your movements are slightly less
                  | encumbered by armour. (ER -2) [demonic ancestry]
   289 | D:1      | Reached XP level 2. HP: 11/21 MP: 2/2
   595 | D:1      | Found Liwan's Antique Weapon Emporium.
  1103 | D:1      | Gained mutation: You are partially covered in sharp spines.
                  | [demonic ancestry]
  1103 | D:1      | Reached XP level 3. HP: 25/27 MP: 3/3
  1787 | D:2      | Gained mutation: You sometimes gain a little power by
                  | taking damage. [demonic ancestry]
  1787 | D:2      | Reached XP level 4. HP: 27/33 MP: 4/4
  2169 | D:2      | Gained mutation: You are mostly covered in sharp spines.
                  | [demonic ancestry]
  2169 | D:2      | Reached XP level 5. HP: 39/39 MP: 5/5
  2538 | D:3      | Noticed Grinder
  2603 | D:3      | Paralysed by Grinder for 3 turns
  2609 | D:3      | Killed Grinder
  2610 | D:3      | Gained mutation: You sometimes gain power by taking damage.
                  | [demonic ancestry]
  2610 | D:3      | Reached XP level 6. HP: 41/47 MP: 6/6
  3052 | D:4      | Found a stormy altar of Qazlal.
  4034 | D:1      | Bought a masterwork spear for 168 gold pieces
  4034 | D:1      | Identified the +9 spear "Orphu" {holy, Dex+3} (You bought
                  | it in a shop on level 1 of the Dungeon)
  4123 | D:5      | Entered Level 5 of the Dungeon
  4123 | D:5      | Found a runed translucent gate.
  4126 | D:5      | Found a runed translucent gate.
  4126 | D:5      | Found a runed translucent gate.
  4128 | D:5      | Noticed SirDiesAlot's ghost (weakling MiDe)
  4183 | D:5      | Gained mutation: Your movements are less encumbered by
                  | armour. (ER -4) [demonic ancestry]
  4183 | D:5      | Reached XP level 7. HP: 52/53 MP: 7/7
  4246 | D:5      | Noticed Menkaure
  4249 | D:5      | Killed Menkaure
  4250 | D:5      | Reached skill level 1 in Maces & Flails
  4250 | D:5      | Reached skill level 5 in Evocations
  4693 | D:5      | Reached XP level 8. HP: 54/61 MP: 8/8
  4800 | D:5      | Found a runed translucent door.
  4801 | D:5      | Noticed Crazy Yiuf
  4896 | D:4      | Killed SirDiesAlot's ghost
  5116 | D:5      | Paralysed by Crazy Yiuf for 7 turns
  5119 | D:5      | Killed Crazy Yiuf
  5462 | D:5      | Reached skill level 5 in Fighting
  5496 | D:6      | Reached skill level 5 in Armour
  5868 | D:6      | Noticed Sigmund
  5880 | D:6      | Killed Sigmund
  5881 | D:6      | Gained mutation: You have sharp fingernails. [demonic
                  | ancestry]
  5881 | D:6      | Reached XP level 9. HP: 66/68 MP: 9/9
  5893 | D:6      | Found a basalt altar of Yredelemnul.
  5900 | D:6      | Found a sacrificial altar of Ru.
  5946 | D:6      | Found a shimmering altar of Xom.
  5978 | D:6      | Reached skill level 5 in Dodging
  6266 | D:7      | Noticed Harold
  6290 | D:7      | Killed Harold
  6430 | D:7      | Identified the +0 helmet "Qurebunu" {-Tele rElec rC+}
  7035 | D:7      | Found a staircase to the Ecumenical Temple.
  7104 | Temple   | Entered the Ecumenical Temple
  7258 | Temple   | Became a worshipper of Nemelex Xobeh the Trickster
  7523 | D:8      | Reached skill level 1 in Invocations
  7674 | D:7      | Reached XP level 10. HP: 22/77 MP: 11/11
  8408 | D:8      | Reached skill level 5 in Maces & Flails
  9389 | D:9      | Noticed Erica
  9536 | D:8      | Killed Erica
  9876 | D:9      | Reached * piety under Nemelex Xobeh
 10254 | D:9      | Received a gift from Nemelex Xobeh
 11341 | D:9      | Reached skill level 5 in Invocations
 11466 | D:9      | Identified a scroll of acquirement
 11508 | D:10     | Entered Level 10 of the Dungeon
 11524 | D:10     | Noticed a two-headed ogre
 11529 | D:10     | Killed a two-headed ogre
 11530 | D:10     | Gained mutation: Your presence sometimes corrodes those you
                  | injure. [demonic ancestry]
 11530 | D:10     | Reached XP level 11. HP: 83/85 MP: 14/14
 11577 | D:10     | Noticed a cyan ugly thing
 11618 | D:9      | Killed a brown ugly thing
 12158 | D:10     | Noticed a two-headed ogre
 13564 | D:10     | Noticed Josephine
 13819 | D:9      | Acquired 710 gold pieces
 14068 | D:10     | Reached ** piety under Nemelex Xobeh
 14076 | D:10     | You fall into a shaft and drop 3 floors!
 14076 | D:13     | Noticed a centaur warrior
 14076 | D:13     | Noticed a centaur warrior
 14077 | D:13     | Noticed a seven-headed hydra
 14077 | D:13     | Noticed a boulder beetle
 14117 | D:13     | HP: 2/86 [centaur warrior/arrow (9)]
 14119 | D:13     | Slain by a centaur warrior

Illustrated notes

Levels and vault maps discovered:
D:1:      kilobyte_arrival_exit_the_forest, layout_basic, serial_shops, shop,
          minmay_lizard_pond
D:2:      minmay_diamond_boxcup, layout_loops_ring, chequers_serial_rivers_marsh
D:3:      layout_rooms, uniq_grinder
D:4:      layout_loops_ring, nicolae_overflow_squiral, grunt_ministairs_6
D:5:      layout_cave_pools, gammafunk_ghost_split, uniq_menkaure,
          uniq_crazy_yiuf_cottage
D:6:      layout_rooms, xom_teletrap_fun, amethyst_overflow_temple_binary,
          uniq_sigmund
D:7:      layout_rooms, minmay_temple_entry_enclosed_plants, uniq_harold
D:8:      layout_basic
D:9:      layout_irregular_city, uniq_erica
D:10:     layout_roguey, serial_bayou_pond_a, uniq_josephine
D:13:     nzn_winding_woodlands_large [nzn_winding_woodlands_5x5_default,
          nzn_winding_woodlands_5x15_pathside_ponds,
          nzn_winding_woodlands_5x5_closed_star,
          nzn_winding_woodlands_center_diamonds,
          nzn_winding_woodlands_15x15_five_gardens,
          nzn_winding_woodlands_center_triple_pond,
          nzn_winding_woodlands_5x5_default, nzn_winding_woodlands_5x15_pool,
          nzn_winding_woodlands_5x5_default], layout_rooms, st_stairs_9,
          uniq_kirke
Temple:   minmay_crystal_spiral_temple

Skill      XL: |  1  2  3  4  5  6  7  8  9 10 11 |
---------------+----------------------------------+-----
Dodging        | 1 2 3 4 6 7 |  7.2
Armour         | 2 3 4 5 6 7 |  7.4
Fighting       | 2 3 4 5 6 7 8 |  8.0
Evocations     | 4 5 6 7 8 |  8.6
Maces & Flails | 2 3 4 5 6 |  6.3
Invocations    | 1 5 6 |  6.0
Stealth        | |  0.8

Action                   |  1- 3 |  4- 6 |  7- 9 | 10-12 || total
-------------------------+-------+-------+-------+-------++-------
Melee: Dagger            |    32 |    72 |       |       ||   104
       Club              |     3 |       |       |       ||     3
       Short sword       |   103 |       |       |       ||   103
       Morningstar       |       |    13 |    39 |       ||    52
       Quarterstaff      |       |       |    95 |    57 ||   152
       Dire flail        |       |       |    36 |   202 ||   238
       Great mace        |       |       |       |    33 ||    33
Throw: Dart              |       |     2 |     3 |     2 ||     7
Evoke: Wand              |       |    11 |     3 |       ||    14
       Piece from Xom's  |       |       |     5 |     7 ||    12
       Phantom mirror    |       |       |       |     1 ||     1
  Use: Scroll            |       |       |       |     7 ||     7
       Potion            |       |       |       |     2 ||     2
 Stab: Sleeping          |     1 |       |       |     2 ||     3
       Petrified         |       |       |     3 |       ||     3
       Paralysed         |       |       |     1 |       ||     1
       Distracted        |       |       |       |     1 ||     1
Armor: Leather armour    |    49 |       |       |       ||    49
       Plate armour      |     6 |    54 |       |       ||    60
       Scale mail        |       |     2 |    34 |       ||    36
       Chain mail        |       |       |    42 |     6 ||    48
       Steam dragon scal |       |       |       |    86 ||    86
Dodge: Dodged            |    92 |    24 |   133 |   277 ||   526

Table legend: (Time is in decaauts)
 A = Elapsed time spent in this place.
 B = Non-inter-level travel time spent in this place.
 C = Inter-level travel time spent in this place.
 D = Time resting spent in this place.
 E = Time spent auto-exploring this place.
 F = Levels seen in this place.
 G = Mean time per level.
                   A        B        C        D        E       F      G
               +--------+--------+--------+--------+--------+-----+--------+
         Total |  14308 |  13637 |    671 |   2733 |   8082 |  12 | 1192.3 |
       Dungeon |  14088 |  13482 |    606 |   2733 |   7971 |  11 | 1280.7 |
        Temple |    219 |    154 |     65 |      0 |    111 |   1 |  219.0 |
               +--------+--------+--------+--------+--------+-----+--------+

Top non-repeatable levels by time:
     D:8: 3052 daAuts
     D:9: 2392 daAuts
     D:1: 1606 daAuts
     D:7: 1500 daAuts
     D:5: 1368 daAuts
     D:2: 1170 daAuts
     D:4: 905 daAuts
    D:10: 779 daAuts
     D:6: 687 daAuts
     D:3: 581 daAuts
  Temple: 219 daAuts
    D:13: 42 daAuts
